 Dungeon Crawl Stone Soup version 0.24.0-41-g2ae2f7f1be (webtiles) character file.

Game seed: 14778221204395656893, levelgen mode: deterministic

7684 Curus the Severer (level 11, 0/88 HPs)
             Began as a Minotaur Berserker on Dec 11, 2019.
             Was a High Priest of Trog.
             Slain by a black mamba (4 damage)
             ... on level 1 of the Lair of Beasts.
             The game lasted 00:38:47 (8249 turns).

Curus the Severer (Minotaur Berserker)              Turns: 8249, Time: 00:38:47

Health: 0/88       AC: 15    Str: 21    XL:     11   Next: 0%
Magic:  0/19       EV:  7    Int:  7    God:    Trog [*****.]
Gold:   572        SH:  0    Dex: 11    Spells: 10/10 levels left

rFire    . . .     SeeInvis +   q - +2 battleaxe
rCold    . . .     Gourm    .   (shield currently unavailable)
rNeg     . . .     Faith    .   p - +0 plate armour
rPois    .         Spirit   +   (helmet restricted)
rElec    .         Reflect  .   h - +1 cloak
rCorr    .         Harm     .   G - +0 pair of gloves (curse)
MR       ++...                  (no boots)
Stlth    ..........             A - amulet of guardian spirit
HPRegen  1.24/turn              d - ring of see invisible
MPRegen  0.16/turn              D - ring of magical power

@: lethally poisoned (0 -> -1), berserk cooldown, regenerating, slowed, very
slow
A: retaliatory headbutt, horns 2
a: Berserk, Trog's Hand, Brothers in Arms, Renounce Religion


You were on level 1 of the Lair of Beasts.
You worshipped Trog.
Trog was extremely pleased with you.
You were not hungry.

You visited 2 branches of the dungeon, and saw 10 of its levels.

You collected 572 gold pieces.

Inventory:

Hand Weapons
 a - a +3 hand axe
 q - a +2 battleaxe (weapon)
Armour
 b - a +0 animal skin
 g - a +0 scale mail
 h - a +1 cloak (worn)
 i - a +0 chain mail
 p - a +0 plate armour (worn)
 r - a +0 pair of gloves
 G - a cursed +0 pair of gloves (worn)
Jewellery
 d - a ring of see invisible (left hand)
 l - a -6 ring of slaying
 u - an uncursed ring of protection from magic
 y - an uncursed ring of ice
 A - an amulet of guardian spirit (around neck)
 D - a ring of magical power (right hand)
Wands
 n - a wand of paralysis (8)
 s - a wand of flame (23)
 v - a wand of iceblast (5)
 w - a wand of digging (10)
 x - a wand of scattershot (7)
 z - a wand of enslavement (12)
Scrolls
 e - a scroll of noise
 f - 5 scrolls of remove curse
 j - 10 scrolls of identify
 k - 7 scrolls of teleportation
 m - 2 scrolls of magic mapping
 t - a scroll of enchant weapon
 F - 2 scrolls of enchant armour
 I - 3 scrolls of summoning
Potions
 o - a potion of flight
 B - 2 potions of resistance
 E - a potion of brilliance
 H - a potion of agility
Comestibles
 c - 21 rations
 J - a chunk of flesh


   Skills:
 + Level 5.2 Fighting
 - Level 18.1 Axes
 + Level 4.4 Armour
 - Level 2.1 Dodging


You had 10 spell levels left.
You didn't know any spells.
Your spell library was empty.

Dungeon Overview and Level Annotations

Branches:
Dungeon (9/15)             Temple (0/1) D:6            Lair (1/6) D:9
    Orc: D:9-12

Altars:
Ashenzari
Gozag
Hepliaklqana
Kikubaaqudgha
Makhleb
Ru
Uskayaw
Vehumet
Wu Jian
Xom
Yredelemnul
Zin
The Shining One

Shops:
D:7 [

Annotations:
D:8 2 transporters, Christian's ghost, novice SpVM
D:9 1 runed translucent door, Mrkan's ghost, novice MiFi


Innate Abilities, Weirdness & Mutations

You reflexively headbutt those who attack you in melee.
You have a pair of horns on your head.


Message History

You are lethally poisoned!
The black mamba poisons you! The black mamba bites you.
* * * LOW HITPOINT WARNING * * *
You feel better. The black mamba bites you.
* * * LOW HITPOINT WARNING * * *
You are poisoned.
The black mamba poisons you! The black mamba closely misses you.
You furiously retaliate!
You headbutt the black mamba.
The black mamba bites you but does no damage.
You closely miss the black mamba.
The black mamba is lightly wounded.
You feel sick. The black mamba bites you.
* * * LOW HITPOINT WARNING * * *
The black mamba bites you.
* * * LOW HITPOINT WARNING * * *
Unknown command.
You hit the black mamba but do no damage.
The black mamba is lightly wounded.
You feel sick. The black mamba bites you.
You die...

..........# ####......#
#....... ##......#
.......# #.......#
#......# ##......#
#......# #......#
#......+ #......#
##......#..
####......####..........
........>(.#.##.@S...#
................†....#
.#.#....#######†#.##.#
.......#.# .#.## ..
.......... .. ..# .
.......#.# .#. .##
...#........... ..
...#...#. .# #. .#
...#....... .. ..


You could see a black mamba.

Vanquished Creatures
  3 death yaks (D:9)
  2 spiny frogs (Lair:1)
  A rime drake (Lair:1)
  Grinder (D:3)
  2 hippogriffs
  6 yaks (D:9)
  3 porcupines
  2 ice beasts (D:7)
  A sky beast (D:5)
  A black bear (D:9)
  4 ogres
  5 centaurs
  A big kobold (D:8)
  6 bullfrogs
  2 scorpions
  A water moccasin zombie (D:6)
  3 wights (D:6)
  3 crimson imps
  3 bullfrog zombies
  3 hounds
  3 jellies
  2 centaur skeletons
  4 orc priests
  9 orc wizards
  Ijyb (D:3)
  4 bullfrog skeletons
  2 iguanas
  6 worker ants
  A hell rat (D:9)
  A killer bee zombie (D:7)
  2 howler monkey zombies
  A worker ant zombie (D:6)
  5 gnolls
  2 howler monkey skeletons
  12 adders
  A shadow imp (D:8)
  2 adder skeletons
  4 worms
  3 dart slugs
  2 leopard geckos
  26 orcs
  9 bats
  2 bat zombies (D:6)
  3 giant cockroaches
  8 goblins
  5 hobgoblins
  7 jackals
  14 kobolds
  4 quokkas
  3 ball pythons
  4 frilled lizards
  A leopard gecko zombie (D:5)
  7 rats
  A rat zombie (D:6)
214 creatures vanquished.

Notes
Turn   | Place    | Note
-------+----------+-------------------------------------------
     0 | D:1      | Curus the Minotaur Berserker began the quest for the Orb.
     0 | D:1      | Reached XP level 1. HP: 19/19 MP: 0/0
    78 | D:1      | Reached skill level 4 in Axes
   382 | D:1      | Reached XP level 2. HP: 26/26 MP: 1/1
   540 | D:1      | Reached skill level 5 in Axes
   540 | D:1      | Reached XP level 3. HP: 15/31 MP: 2/2
  1591 | D:2      | Found a faded altar of an unknown god.
  1683 | D:2      | Reached skill level 6 in Axes
  1683 | D:2      | Reached XP level 4. HP: 27/39 MP: 3/3
  1733 | D:2      | Reached ** piety under Trog
  2316 | D:3      | Found a shattered altar of Ashenzari.
  2326 | D:3      | Reached skill level 7 in Axes
  2326 | D:3      | Reached XP level 5. HP: 37/45 MP: 4/4
  2398 | D:3      | Noticed Ijyb
  2398 | D:3      | Paralysed by Ijyb for 3 turns
  2413 | D:3      | Paralysed by Ijyb for 6 turns
  2420 | D:3      | Killed Ijyb
  2498 | D:3      | Noticed Grinder
  2499 | D:3      | Found an opulent altar of Gozag.
  2509 | D:3      | Killed Grinder
  2509 | D:3      | Reached skill level 9 in Axes
  2509 | D:3      | Reached XP level 6. HP: 51/51 MP: 5/5
  2682 | D:3      | Reached *** piety under Trog
  2997 | D:4      | Reached XP level 7. HP: 21/57 MP: 6/6
  2998 | D:4      | Reached skill level 10 in Axes
  3445 | D:4      | Found a basalt altar of Yredelemnul.
  3462 | D:4      | Reached skill level 11 in Axes
  3594 | D:4      | Found a hide-covered altar of Uskayaw.
  3705 | D:5      | Entered Level 5 of the Dungeon
  3767 | D:5      | Found a glowing golden altar of the Shining One.
  3829 | D:5      | Reached **** piety under Trog
  3832 | D:5      | Found a shimmering altar of Xom.
  3846 | D:5      | Found a shimmering altar of Xom.
  3848 | D:5      | Found a shimmering altar of Xom.
  3995 | D:5      | Reached XP level 8. HP: 64/64 MP: 7/7
  4275 | D:5      | Reached skill level 12 in Axes
  4306 | D:5      | Found a sacrificial altar of Ru.
  4388 | D:6      | Found an ornate altar of the Wu Jian Council.
  4451 | D:6      | Found a staircase to the Ecumenical Temple.
  4525 | D:6      | Reached skill level 13 in Axes
  5002 | D:6      | Found an ancient bone altar of Kikubaaqudgha.
  5052 | D:6      | Reached XP level 9. HP: 37/70 MP: 8/8
  5217 | D:6      | Reached skill level 14 in Axes
  5664 | D:7      | Found a radiant altar of Vehumet.
  5812 | D:7      | Found Deid's Armour Emporium.
  6196 | D:8      | Reached skill level 15 in Axes
  6358 | D:8      | Found a burning altar of Makhleb.
  6358 | D:8      | Found a faded altar of an unknown god.
  6363 | D:8      | Found a glowing silver altar of Zin.
  6365 | D:8      | Found a hazy altar of Hepliaklqana.
  6367 | D:8      | Found a faded altar of an unknown god.
  6559 | D:8      | Reached ***** piety under Trog
  6907 | D:8      | Found a transporter.
  6912 | D:8      | Found a transporter.
  6928 | D:8      | Noticed Christian's ghost (novice SpVM)
  7331 | D:9      | Reached skill level 16 in Axes
  7497 | D:9      | Reached XP level 10. HP: 57/77 MP: 9/9
  7572 | D:9      | Noticed a death yak
  7574 | D:9      | Found a staircase to the Lair.
  7574 | D:9      | Noticed a death yak
  7594 | D:9      | Killed a death yak
  7594 | D:9      | Noticed a death yak
  7601 | D:9      | Killed a death yak
  7601 | D:9      | Reached skill level 17 in Axes
  7612 | D:9      | Killed a death yak
  7637 | D:9      | Reached skill level 18 in Axes
  7994 | D:9      | Found a runed translucent door.
  7996 | D:9      | Found a shimmering altar of Xom.
  7996 | D:9      | Noticed Mrkan's ghost (novice MiFi)
  7997 | D:9      | Noticed a +2 mace of chaos
  8030 | Lair:1   | Entered Level 1 of the Lair of Beasts
  8125 | Lair:1   | Noticed a spiny frog
  8135 | Lair:1   | Killed a spiny frog
  8229 | Lair:1   | Noticed a spiny frog
  8239 | Lair:1   | Reached skill level 5 in Fighting
  8240 | Lair:1   | Killed a spiny frog
  8240 | Lair:1   | Reached XP level 11. HP: 26/88 MP: 5/10
  8248 | Lair:1   | HP: 4/88 [black mamba (4)]
  8249 | Lair:1   | Slain by a black mamba

Levels and vault maps discovered:
D:1:      dpeg_arrival_water_fire, layout_loops_corners
D:2:      layout_loops_corners, chequers_ecumenical_altar_grove,
          minmay_parallelograms
D:3:      layout_basic, nicolae_overflow_crystal_walls, old_standard_altar,
          uniq_grinder, uniq_ijyb
D:4:      layout_rooms, lemuel_round_altar, lemuel_round_altar, first_ration
D:5:      layout_gridville, xom_redecorated, tso_metal_star,
          lemuel_coloured_pillars_altar
D:6:      layout_cave_pods, overflow_temple_1_default,
          lemuel_zombie_altar_kikubaaqudgha, temple_doors_e,
          lightli_ossuary_entry_decrepit_ruins
D:7:      layout_loops_ring, fiery_altar_vehumet, serial_shops,
          nicolae_shop_window_shopping
D:8:      layout_loops_corners, chequers_temple_overflow_minitemple,
          gammafunk_ghost_stat_death
D:9:      layout_grid_maze, dpeg_lair_monsters, ebering_ghost_xom
Lair:1:   layout_chaotic_city, st_stairs_10, lemuel_fruit_tree,
          serial_bayou_shore_b

Skill      XL: |  1  2  3  4  5  6  7  8  9 10 |
---------------+-------------------------------+-----
Axes           | 4 5 6 7 9 11 13 16 18 | 18.1
Fighting       | 5 |  5.2
Armour         | 4 |  4.4
Dodging        | |  2.1

Action                   |  1- 3 |  4- 6 |  7- 9 | 10-12 || total
-------------------------+-------+-------+-------+-------++-------
Melee: Hand axe          |    62 |   140 |   127 |       ||   329
       Headbutt          |     5 |    27 |    64 |    15 ||   111
       Battleaxe         |       |       |   186 |    61 ||   247
Invok: Berserk           |     1 |     2 |       |     3 ||     6
       Trog's Hand       |       |     1 |       |     2 ||     3
       Brothers in Arms  |       |       |       |     2 ||     2
Evoke: Wand              |       |       |       |     4 ||     4
  Use: Scroll            |     3 |     2 |    13 |     3 ||    21
       Potion            |     1 |     1 |     6 |     1 ||     9
  Eat: Ration            |     1 |       |     1 |       ||     2
       Chunk             |       |     5 |    12 |     7 ||    24
Armor: Animal skin       |     4 |       |       |       ||     4
       Chain mail        |    14 |    59 |   134 |    10 ||   217
       Scale mail        |     3 |       |       |       ||     3
       Plate armour      |       |       |       |    10 ||    10
Dodge: Dodged            |    27 |    52 |    91 |    15 ||   185
